 Dungeon Crawl Stone Soup version 0.30-a0-782-ge64f9170bb (webtiles) character file.

Game seed: 15134038917662993889

761 Barriton the Conjurer (level 7, -8/51 (52) HPs)
             Began as a Purple Draconian Conjurer on Mar 13, 2023.
             Mangled by a black bear (9 damage)
             ... on level 5 of the Dungeon.
             The game lasted 00:07:28 (4516 turns).

Barriton the Conjurer (Purple Draconian Conjurer)   Turns: 4516, Time: 00:07:29

HP:   -8/51 (52)    AC:  8    Str:  9    XL:     7   Next: 51%
MP:   7/14          EV: 12    Int: 20    God:
Gold: 232           SH:  0    Dex: 10    Spells: 10/16 levels left

rFire   . . .      SeeInvis .    j - +2 demon whip (vamp)
rCold   . . .      Faith    .    (no shield)
rNeg    . . .      Spirit   .    (body armour unavailable)
rPois   .          Reflect  .    (helmet restricted)
rElec   .          Harm     .    (no cloak)
rCorr   .          Rampage  .    (no gloves)
Will    +....                    f - +1 pair of boots
Stlth   ++                       (no amulet)
HPRegen 0.28/turn                k - ring of wizardry
MPRegen 0.14/turn                (no ring)

@: lightly drained
A: breathe power, AC +6, unfitting armour, cold-blooded
a: Breathe Dispelling Energy


You were on level 5 of the Dungeon.
You visited 1 branch of the dungeon, and saw 5 of its levels.

You collected 232 gold pieces.

Inventory:

Hand Weapons
 j - a +2 vampiric demon whip (weapon)
Missiles
 c - a throwing net
Armour
 f - a +1 pair of boots (worn)
Jewellery
 k - a ring of wizardry (left hand)
Wands
 b - a wand of flame (25)
Scrolls
 e - 2 scrolls of magic mapping
 i - a scroll of noise
Potions
 d - 3 potions of might
 g - a potion of brilliance
 h - 2 potions of cancellation
 l - a potion of ambrosia {unknown}
 m - a potion of resistance {unknown}
 o - a potion of flight {unknown}
 p - a potion of attraction {unknown}


   Skills:
 + Level 1.5 Fighting
 + Level 2.1 Maces & Flails
 + Level 3.2 Dodging
 + Level 3.0 Stealth
 + Level 5.1 Spellcasting
 + Level 6.6 Conjurations
 + Level 0.1 Hexes


You had 10 spell levels left.
You knew the following spells:

 Your Spells              Type           Power      Damage    Failure   Level
a - Magic Dart            Conj           100%       1d8       1%          1
b - Searing Ray           Conj           62%        2d6       1%          2
c - Dazzling Flash        Conj/Hex       36%        N/A       3%          3

Your spell library contained the following spells:

 Spells                   Type           Power      Damage    Failure   Level
 Fulminant Prism          Conj/Hex       9%         3d7       12%         4
 Iskenderun's Mystic Bla  Conj/Tloc      18%        2d6       12%         4
 Kindle Blastsparks       Fire/Tloc/Air  10%        2d10      14%         3
 Lee's Rapid Deconstruct  Erth           2%         3d5*      75%         5
 Borgnjor's Revivificati  Necr           2%         N/A       100%        8
 Necromutation            Tmut/Necr      2%         N/A       100%        8
 Death's Door             Necr           2%         N/A       100%        9


Dungeon Overview and Level Annotations

Branches:
Dungeon (5/15)             Temple (0/1) D:4

Altars:
Fedhas
Okawaru
Sif Muna
Xom
Zin

Annotations:
D:3 exclusion: oklob plant
D:5 Eustachio


Innate Abilities, Weirdness & Mutations

You can breathe bolts of dispelling energy.
Your rich purple scales are hard. (AC +6)
You cannot fit into any form of body armour.
You are cold-blooded and may be slowed by cold attacks.


Message History

Eustachio is moderately wounded.
Your Maces & Flails skill increases to level 2!
The searing ray hits the black bear.
The black bear is heavily wounded.
The searing ray hits Eustachio.
Eustachio is moderately wounded.
Eustachio gestures wildly while chanting.
The black bear closely misses you.
The black bear claws you but does no damage. x2
The searing ray hits the black bear!
The black bear is severely wounded.
The searing ray misses the ufetubus.
The searing ray hits Eustachio.
Eustachio is moderately wounded.
The searing ray hits the rat!
You kill the rat!
The rat's corpse disappears in a puff of smoke!
You finish channelling your searing ray.
The iron imp disappears in a puff of smoke!
The black bear goes berserk!
The black bear bites you!
* * * LOW HITPOINT WARNING * * *
The black bear claws you but does no damage. x2
Eustachio mumbles some strange words.
Casting: Searing Ray (safe; 1% risk of failure)
Confirm with . or Enter, or press ? or * to list all spells.
Aiming: Searing Ray (safe; 1% risk of failure)
Press: ? - help, Shift-Dir - straight line, f - rat, p - Eustachio
Aim: a rat (black smoke, summoned, 79% to hit)
The searing ray hits the black bear!
The black bear is almost dead.
The searing ray hits the ufetubus.
The ufetubus is severely wounded.
The searing ray hits Eustachio.
Eustachio is heavily wounded.
The searing ray hits the rat!
You kill the rat!
The rat's corpse disappears in a puff of smoke! (Press . to maintain the ray.)
The black bear bites you!
You die...

##...###...### #......
#....#...## #......
#.#........ #......
.........## #...... ## #
#...... ####
##.####.##.## #..
......#.##.## #.#
.##.##....†.## #@#
.##.....)#####
#h#..####....# # #
#5#5### #....#####
##.####@5...# #....#....
......r§###.###..>.#.###
##......###.............
#..........###..###.###
#...............# #.#
...........####.## #.#


You could see Eustachio, a black bear (berserk), a white imp (summoned), an
ufetubus (summoned) and a rat (summoned).

Vanquished Creatures
  A water moccasin (D:5)
  A phantom (D:4)
  2 necrophages (D:5)
  A bullfrog (D:4)
  A hound (D:4)
  Jessica (D:2)
  An iguana (D:4)
  6 orc wizards
  4 gnolls (D:5)
  An adder (D:3)
  A shadow imp (D:5)
  5 dart slugs
  10 orcs
  4 endoplasms
  2 giant cockroaches
  9 goblins
  8 hobgoblins
  4 jackals (D:1)
  4 quokkas
  6 ball pythons
  8 bats
  8 kobolds
  5 rats
93 creatures vanquished.

Notes
Turn   | Place    | Note
-------+----------+-------------------------------------------
     0 | D:1      | Barriton the Draconian Conjurer began the quest for the
                  | Orb.
     0 | D:1      | Reached XP level 1. HP: 14/14 MP: 3/3
   325 | D:1      | Reached XP level 2. HP: 20/20 MP: 1/5
   889 | D:1      | Learned a level 2 spell: Searing Ray
  1236 | D:2      | Reached XP level 3. HP: 26/26 MP: 1/6
  1287 | D:2      | Noticed Jessica
  1289 | D:2      | Killed Jessica
  1290 | D:2      | Reached skill level 5 in Conjurations
  1600 | D:2      | Reached XP level 4. HP: 33/33 MP: 4/7
  2012 | D:2      | Found a faded altar of an unknown god.
  2502 | D:3      | Reached XP level 5. HP: 7/38 MP: 2/9
  2851 | D:3      | Found a blossoming altar of Fedhas.
  2872 | D:3      | Noticed an oklob plant
  3283 | D:4      | Noticed a phantom
  3290 | D:4      | Killed a phantom
  3291 | D:4      | Reached XP level 6. HP: 46/46 MP: 1/10
  3379 | D:4      | Found a shimmering blue altar of Sif Muna.
  3411 | D:4      | Reached skill level 6 in Conjurations
  3561 | D:4      | Found a staircase to the Ecumenical Temple.
  3707 | D:4      | Found a shimmering altar of Xom.
  3968 | D:4      | Reached skill level 1 in Maces & Flails
  3980 | D:4      | Reached skill level 1 in Fighting
  4173 | D:5      | Entered Level 5 of the Dungeon
  4176 | D:5      | Found an iron altar of Okawaru.
  4197 | D:5      | Found a glowing silver altar of Zin.
  4349 | D:5      | Your scales start taking on a rich purple colour.
  4349 | D:5      | Reached XP level 7. HP: 49/52 MP: 6/14
  4353 | D:5      | Learned a level 3 spell: Dazzling Flash
  4484 | D:5      | Reached skill level 5 in Spellcasting
  4499 | D:5      | Noticed Eustachio
  4515 | D:5      | HP: 1/51 [black bear (7)]
  4516 | D:5      | Mangled by a black bear

Illustrated notes

Levels and vault maps discovered:
D:1:      dpeg_arrival_arbitrary_c, layout_basic
D:2:      layout_loops_cross, basic_ecumenical_altar, uniq_jessica
D:3:      layout_rooms, tgw_fedhas, guppyfry_early_lair_pool
D:4:      nicolae_BIG_FREAKIN_CUBE, layout_cave_pools, tgw_xom,
          mainiacjoe_overflow_brackets, st_stairs_12
D:5:      layout_loops_ring, okawaru_ov_weapons_minmay,
          nicolae_overflow_crystal_walls, mainiacjoe_overflow_tiny_flanked,
          minmay_misc_feat_five, uniq_eustachio

Skill      XL: |  1  2  3  4  5  6  7 |
---------------+----------------------+-----
Dodging        | 2 3 |  3.2
Stealth        | 2 3 |  3.0
Conjurations   | 5 6 |  6.6
Spellcasting   | 3 4 5 |  5.1
Maces & Flails | 1 2 |  2.1
Fighting       | 1 |  1.5
Hexes          | |  0.1

Action                     |  1- 3 |  4- 6 |  7- 9 || total
---------------------------+-------+-------+-------++-------
  Melee: Unarmed           |    44 |    20 |       ||    64
         Tailslap          |     5 |     8 |       ||    13
         Demon whip        |       |    25 |    10 ||    35
         Punch             |       |     1 |       ||     1
   Cast: Magic Dart        |    65 |   113 |    14 ||   192
         Searing Ray       |     1 |     8 |     3 ||    12
         Dazzling Flash    |       |       |     2 ||     2
    Use: Scroll            |     4 |     7 |       ||    11
         Potion            |       |     1 |     1 ||     2
 Armour: Skin              |    17 |    22 |    17 ||    56
  Dodge: Dodged            |    43 |    41 |    12 ||    96

Table legend: (Time is in decaauts)
 A = Elapsed time spent in this place.
 B = Non-inter-level travel time spent in this place.
 C = Inter-level travel time spent in this place.
 D = Time resting spent in this place.
 E = Time spent auto-exploring this place.
 F = Levels seen in this place.
 G = Mean time per level.
                   A        B        C        D        E       F      G
               +--------+--------+--------+--------+--------+-----+--------+
         Total |   4522 |   4406 |    116 |      0 |   3819 |   5 |  904.4 |
       Dungeon |   4522 |   4406 |    116 |      0 |   3819 |   5 |  904.4 |
               +--------+--------+--------+--------+--------+-----+--------+

Top non-repeatable levels by time:
     D:1: 1229 daAuts
     D:4: 1117 daAuts
     D:2: 953 daAuts
     D:3: 879 daAuts
     D:5: 342 daAuts
